 Dungeon Crawl Stone Soup version 0.26-a0-1129-gc5df7fbe6a (webtiles) character file.

Game seed: 5781112967622253785

14383 Dracia the Grappler (level 11, -9/89 HPs)
             Began as a Demonspawn Gladiator on Dec 18, 2020.
             Was an Elder of Wu Jian.
             Mangled by a white ugly thing (19 damage)
             ... on level 11 of the Dungeon.
             The game lasted 00:22:55 (12272 turns).

Dracia the Grappler (Demonspawn Gladiator)         Turns: 12272, Time: 00:22:55

Health: -9/89      AC:  8    Str: 19    XL:     11   Next: 88%
Magic:  0/11       EV: 14    Int: 13    God:    Wu Jian [****..]
Gold:   346        SH:  5    Dex: 16    Spells: 10/10 levels left

rFire    + + +     SeeInvis +     - Unarmed
rCold    . . .     Faith    .   (no shield)
rNeg     . . .     Spirit   +   H - +1 robe "Teech" {rF+++ Str-4 Slay+6 SInv}
rPois    .         Reflect  +   c - +1 helmet
rElec    .         Harm     .   b - +0 cloak
rCorr    .         Rampage  .   (gloves unavailable)
Will     .....                  r - +0 pair of boots
Stlth    +.........             e - amulet of reflection
HPRegen  0.24/turn              S - +6 ring of strength
MPRegen  0.12/turn              Y - +4 ring of slaying

@: no status effects
A: claws 3, clever 2, foul stench 1, magic shield, miasma immunity
a: Renounce Religion, Wall Jump, Serpent's Lash


You were on level 11 of the Dungeon.
You worshipped Wu Jian.
Wu Jian was greatly pleased with you.
You visited 2 branches of the dungeon, and saw 12 of its levels.
You also visited: Sewer.

You collected 606 gold pieces.
You spent 260 gold pieces at shops.


Innate Abilities, Weirdness & Mutations

You have claws for hands.
You may emit foul miasma when damaged in melee.
When hurt, damage is shared between your health and your magic reserves.
You are immune to miasma.
Your mind is very acute. (Int +4)


   Skills:
 - Level 9.1 Fighting
 - Level 2.6 Staves
 - Level 1.7 Throwing
 + Level 5.7 Armour
 + Level 4.0 Dodging
 + Level 11.7 Unarmed Combat
 - Level 8.8 Evocations


You had 10 spell levels left.
You didn't know any spells.
Your spell library contained the following spells:

 Spells                   Type           Power        Failure   Level
 Animate Skeleton         Necr           0%           30%         1
 Apportation              Tloc           0%           30%         1
 Corona                   Hex            0%           30%         1
 Summon Small Mammal      Summ           0%           30%         1
 Cause Fear               Hex            0%           97%         4
 Silence                  Hex/Air        0%           100%        5
 Yara's Violent Unravell  Hex/Tmut       0%           100%        5
 Discord                  Hex            0%           100%        8

Inventory:

Missiles
 d - 4 throwing nets (quivered) {=f=f}
 m - 35 poisoned darts
 o - 6 atropa-tipped darts
Armour
 b - a +0 cloak (worn)
 c - a +1 helmet (worn)
 p - a +1 hat of intelligence
 r - a +0 pair of boots (worn)
 H - the +1 robe "Teech" (worn) {rF+++ Str-4 Slay+6 SInv}
   (You found it on level 10 of the Dungeon)

   It affects your strength (-4).
   It affects your accuracy and damage with ranged weapons and melee attacks
   (+6).
   It renders you almost immune to fire.
   It lets you see invisible.
Jewellery
 e - an amulet of reflection (around neck)
 C - an uncursed ring of protection from cold
 L - an uncursed ring of flight
 P - an uncursed ring of poison resistance
 Q - an uncursed ring of stealth
 R - an uncursed ring of resist corrosion
 S - a +6 ring of strength (left claw)
 Y - a +4 ring of slaying (right claw)
Wands
 l - a wand of enslavement (8)
 n - a wand of disintegration (36)
 z - a wand of paralysis (14)
 G - a wand of flame (21)
Scrolls
 a - 2 scrolls of identify {@r1@r1}
 f - 5 scrolls of enchant weapon
 g - 5 scrolls of remove curse {@r2@r2}
 h - 2 scrolls of noise
 q - 2 scrolls of fear
 s - 9 scrolls of teleportation {@r4@r4}
 u - a scroll of fog
 v - 4 scrolls of amnesia
 y - 3 scrolls of blinking
 A - a scroll of immolation
 B - a scroll of summoning
 D - a scroll of enchant armour
Potions
 i - 4 potions of heal wounds {@q2@q2}
 j - 6 potions of curing {@q1@q1}
 k - 2 potions of ambrosia
 t - a potion of berserk rage {!q!q}
 x - a potion of resistance
 E - 2 potions of flight
 F - 3 potions of haste {unknown}

Dungeon Overview and Level Annotations

Branches:
Dungeon (11/15)            Temple (1/1) D:4            Lair (0/6) D:11
  Sewer (visited)
    Orc: D:9-12

Altars:
Ashenzari
Cheibriados
Dithmenos
Fedhas
Gozag
Hepliaklqana
Qazlal
Trog
Uskayaw
Wu Jian
Xom
Zin

Shops:
D:10 =

Annotations:
D:3 3 runed translucent doors, zkyp's ghost, weakling DgDe

..P..P..............
.........P...♣..#.....##.
..............P..)#.#####
#................##......
.P..P...>..[.............
(.......P...P...........#
.P........P...P.........#
#.....†.P...............#
♣.P[.u@...............#
#....♣...P♣...#.........#
#......P..P..############
#.....P..P.###
####.....## #######


You could see a white ugly thing.


Message History

The white ugly thing is lightly wounded.
You barely miss the white ugly thing. You claw the white ugly thing.
The white ugly thing is moderately wounded.
The white ugly thing bites you. The white ugly thing freezes you!!
You scratch the white ugly thing. You claw the white ugly thing!
The white ugly thing is heavily wounded.
The white ugly thing bites you. The white ugly thing freezes you!!
* * * LOW HITPOINT WARNING * * *
You are too injured to fight recklessly!
You are too injured to fight recklessly!
You are too injured to fight recklessly!
You scratch the white ugly thing but do no damage.
The white ugly thing is heavily wounded.
The white ugly thing bites you but does no damage.
You barely miss the white ugly thing.
The white ugly thing is heavily wounded.
The white ugly thing bites you.
* * * LOW HITPOINT WARNING * * *
The white ugly thing freezes you!!
* * * LOW HITPOINT WARNING * * *
Unknown command.
Okay, then.
You closely miss the white ugly thing.
The white ugly thing is heavily wounded.
You claw the white ugly thing!
The white ugly thing is heavily wounded.
The white ugly thing bites you!
* * * LOW HITPOINT WARNING * * *
The white ugly thing freezes you!!
You die...

Skill      XL: |  1  2  3  4  5  6  7  8  9 10 11 |
---------------+----------------------------------+-----
Armour         | 1 2 3 4 5 |  5.7
Dodging        | 3 4 |  4.0
Unarmed Combat | 1 2 3 4 5 6 8 10 11 | 11.7
Fighting       | 3 5 6 9 |  9.1
Evocations     | 6 8 |  8.8
Staves         | |  2.6
Throwing       | |  1.7

Action                   |  1- 3 |  4- 6 |  7- 9 | 10-12 || total
-------------------------+-------+-------+-------+-------++-------
Melee: Quarterstaff      |    24 |       |       |       ||    24
       Unarmed           |   116 |   240 |   326 |   249 ||   931
       Punch             |     1 |     2 |    21 |    16 ||    40
Invok: Lunge             |       |       |    26 |    18 ||    44
       Whirlwind         |       |       |     8 |    46 ||    54
 Abil: Wall Jump         |       |       |     2 |     3 ||     5
  Use: Scroll            |       |    10 |     8 |     2 ||    20
       Potion            |       |     8 |       |     1 ||     9
 Stab: Sleeping          |     1 |       |       |     1 ||     2
Armor: Leather armour    |    34 |     7 |       |       ||    41
       Chain mail        |       |    32 |       |       ||    32
       Ring mail         |       |    41 |    73 |    23 ||   137
       Robe              |       |       |       |    16 ||    16
Dodge: Dodged            |    77 |   118 |   141 |   120 ||   456
Block: Other             |    31 |    51 |    45 |    36 ||   163
       Reflection        |     1 |       |     2 |     3 ||     6

Levels and vault maps discovered:
D:1:      dpeg_arrival_round_a, layout_basic
D:2:      layout_basic, kennysheep_slug_shrine, lemuel_doored_altar
D:3:      layout_loops_ring, ebering_ghost_gozag
D:4:      layout_cave_pools, minmay_temple_entry_glassed_door, serial_rivers,
          chequers_serial_rivers_micro_c, chequers_serial_rivers_micro_c,
          chequers_serial_rivers_micro_e, chequers_serial_rivers_micro_d,
          chequers_serial_rivers_micro_d, gup_sewer_entry_bubbles
D:5:      layout_basic, item_on_display_a, uniq_grinder
D:6:      layout_loops_ring, minmay_misc_feat_rows
D:7:      layout_rooms, lightli_bailey_entry_fortress
D:8:      layout_cave_pods, eino_tiny_chamber
D:9:      layout_gridville, xom_redecorated
D:10:     layout_roguey, serial_shops, nicolae_shop_waterfront,
          minmay_fountain_box, hex_intersection, uniq_psyche
D:11:     layout_rooms, minmay_lair_entry_grove, uniq_harold, uniq_gastronok
Temple:   regret_index_temple_chain_breaker

Notes
Turn   | Place    | Note
-------+----------+-------------------------------------------
     0 | D:1      | Dracia the Demonspawn Gladiator began the quest for the
                  | Orb.
     0 | D:1      | Reached XP level 1. HP: 16/16 MP: 1/1
   228 | D:1      | Reached skill level 1 in Armour
   228 | D:1      | Reached skill level 3 in Dodging
   228 | D:1      | Gained mutation: You have sharp fingernails. [demonic
                  | ancestry]
   228 | D:1      | Reached XP level 2. HP: 22/22 MP: 2/2
   426 | D:1      | Reached skill level 1 in Unarmed Combat
   617 | D:1      | Gained mutation: You are immune to miasma. [demonic
                  | ancestry]
   617 | D:1      | Reached XP level 3. HP: 17/27 MP: 3/3
  1269 | D:2      | Found a blossoming altar of Fedhas.
  1311 | D:2      | Reached skill level 2 in Unarmed Combat
  1356 | D:2      | Gained mutation: You may emit foul miasma when damaged in
                  | melee. [demonic ancestry]
  1356 | D:2      | Reached XP level 4. HP: 22/33 MP: 4/4
  1474 | D:2      | Found a snail-covered altar of Cheibriados.
  2541 | D:3      | Found a runed translucent gate.
  2541 | D:3      | Found a runed translucent gate.
  2542 | D:3      | Found a runed translucent gate.
  2543 | D:3      | Found an opulent altar of Gozag.
  2547 | D:3      | Noticed zkyp's ghost (weakling DgDe)
  2547 | D:3      | Noticed an ogre
  2557 | D:3      | Gained mutation: When hurt, damage is shared between your
                  | health and your magic reserves. [demonic ancestry]
  2557 | D:3      | Reached XP level 5. HP: 38/38 MP: 5/5
  3219 | D:4      | Reached skill level 3 in Unarmed Combat
  3232 | D:4      | Reached skill level 2 in Armour
  3277 | D:4      | Found a glowing drain.
  3307 | Sewer    | Entered a sewer
  3515 | Sewer    | Reached skill level 3 in Fighting
  3593 | Sewer    | Reached XP level 6. HP: 45/47 MP: 6/6
  3911 | Sewer    | Gained mutation: Your mind is acute. (Int +2) [potion of
                  | mutation]
  3911 | Sewer    | Gained mutation: Your mind is very acute. (Int +4) [potion
                  | of mutation]
  4229 | D:4      | Found a staircase to the Ecumenical Temple.
  4288 | Temple   | Entered the Ecumenical Temple
  4410 | Temple   | Reached skill level 3 in Armour
  4468 | D:4      | Reached skill level 4 in Unarmed Combat
  4477 | D:4      | Reached XP level 7. HP: 38/53 MP: 5/7
  4582 | Temple   | Became a worshipper of the Wu Jian Council
  4826 | D:5      | Entered Level 5 of the Dungeon
  4832 | D:5      | Reached skill level 4 in Fighting
  4834 | D:5      | Noticed Grinder
  4940 | D:5      | Paralysed by Grinder for 2 turns
  4949 | D:5      | Killed Grinder
  4950 | D:5      | Reached skill level 4 in Armour
  5665 | D:6      | Reached skill level 5 in Fighting
  5690 | D:6      | Reached skill level 5 in Unarmed Combat
  5690 | D:6      | Reached XP level 8. HP: 57/62 MP: 6/8
  5724 | D:6      | Reached * piety under Wu Jian
  5968 | D:6      | Reached skill level 5 in Armour
  6105 | D:6      | Reached skill level 6 in Fighting
  6200 | D:6      | Reached skill level 6 in Unarmed Combat
  6880 | D:7      | Reached ** piety under Wu Jian
  6888 | D:7      | Gained mutation: You have very sharp fingernails. [demonic
                  | ancestry]
  6888 | D:7      | Reached XP level 9. HP: 68/71 MP: 9/9
  7009 | D:7      | Found a flagged portal.
  7013 | D:7      | Reached skill level 7 in Fighting
  7429 | D:8      | Reached skill level 7 in Unarmed Combat
  7537 | D:8      | Noticed a two-headed ogre
  7548 | D:8      | Killed a two-headed ogre
  7549 | D:8      | Reached skill level 8 in Fighting
  7780 | D:8      | Reached skill level 8 in Unarmed Combat
  7901 | D:8      | Identified a potion of resistance
  8461 | D:9      | Found a shimmering altar of Xom.
  8461 | D:9      | Found a shimmering altar of Xom.
  8463 | D:9      | Found a shimmering altar of Xom.
  8464 | D:9      | Found a shimmering altar of Xom.
  8600 | D:9      | Reached skill level 9 in Fighting
  8697 | D:9      | Gained mutation: You have claws for hands. [demonic
                  | ancestry]
  8697 | D:9      | Reached XP level 10. HP: 83/83 MP: 10/10
  8713 | D:9      | Reached *** piety under Wu Jian
  9091 | D:10     | Entered Level 10 of the Dungeon
  9100 | D:10     | Reached skill level 1 in Evocations
  9430 | D:10     | Reached skill level 2 in Evocations
  9554 | D:10     | Reached skill level 9 in Unarmed Combat
  9558 | D:10     | Reached skill level 3 in Evocations
  9718 | D:10     | Noticed an orc knight
  9719 | D:10     | Noticed an orc sorcerer
  9761 | D:10     | Killed an orc knight
  9762 | D:10     | Reached skill level 4 in Evocations
  9772 | D:10     | Paralysed by an orc sorcerer for 2 turns
  9781 | D:10     | Killed an orc sorcerer
  9848 | D:10     | Noticed a gargoyle
  9851 | D:10     | Killed a gargoyle
  9852 | D:10     | Reached skill level 5 in Evocations
  9977 | D:10     | Got a distressingly furry robe
  9978 | D:10     | Identified the +1 robe "Teech" {rF+++ Str-4 Slay+6 SInv}
                  | (You found it on level 10 of the Dungeon)
 10008 | D:10     | Reached skill level 10 in Unarmed Combat
 10064 | D:10     | Noticed Psyche
 10072 | D:10     | Killed Psyche
 10195 | D:10     | Reached skill level 6 in Evocations
 10200 | D:10     | Reached XP level 11. HP: 74/89 MP: 7/11
 10537 | D:10     | Reached **** piety under Wu Jian
 10955 | D:10     | Found Olomecis's Jewellery Shoppe.
 10963 | D:10     | Bought an uncursed ring of poison resistance for 260 gold
                  | pieces
 11044 | D:11     | Noticed Harold
 11051 | D:11     | Killed Harold
 11052 | D:11     | Reached skill level 7 in Evocations
 11240 | D:11     | Noticed Gastronok
 11270 | D:10     | Reached skill level 11 in Unarmed Combat
 11731 | D:11     | Killed Gastronok
 11732 | D:11     | Reached skill level 8 in Evocations
 12016 | D:11     | Found a staircase to the Lair.
 12018 | D:11     | Noticed a boulder beetle
 12030 | D:11     | Killed a boulder beetle
 12254 | D:11     | Noticed a white ugly thing
 12257 | D:11     | Noticed a white ugly thing
 12263 | D:11     | Killed a white ugly thing
 12264 | D:11     | Reached skill level 4 in Dodging
 12272 | D:11     | Mangled by a white ugly thing

Vanquished Creatures
  Gastronok (D:11)
  Harold (D:11)
  A boulder beetle (D:11)
  A two-headed ogre (D:8)
  An orc knight (D:10)
  An orc sorcerer (D:10)
  An ugly thing (D:11)
  Psyche (D:10)
  A gargoyle (D:10)
  Grinder (D:5)
  2 trolls
  A wraith (D:10)
  3 wyverns
  15 yaks
  A basilisk (D:11)
  6 water moccasins
  3 orc warriors
  2 sky beasts
  2 ice beasts (D:9)
  4 ogres
  3 phantoms
  6 centaurs
  A big kobold (D:9)
  9 bullfrogs
  A gnoll sergeant (D:8)
  A scorpion (D:9)
  9 wights
  2 howler monkeys (D:11)
  3 hounds
  6 centaur zombies
  2 bullfrog skeletons
  7 orc wizards
  5 orc priests
  2 centaur skeletons
  3 iguanas
  5 worker ants
  A hound skeleton (D:8)
  3 worker ant zombies
  13 adders
  7 gnolls
  A river rat (D:4)
  A shadow imp (D:6)
  2 ufetubi
  An ooze (D:3)
  2 adder skeletons
  3 worms
  6 dart slugs
  7 leopard geckos
  37 orcs
  3 ball pythons
  7 giant cockroaches
  14 goblins
  5 hobgoblins
  20 jackals
  2 quokkas
  7 bats
  16 frilled lizards
  A jackal skeleton (D:7)
  8 kobolds
  A leopard gecko zombie (D:6)
  14 rats
296 creatures vanquished.

Vanquished Creatures (others)
  A kobold (D:9)
  A fungus (D:11)
  6 plants (D:11)
8 creatures vanquished.

Grand Total: 304 creatures vanquished

Table legend: (Time is in decaauts)
 A = Elapsed time spent in this place.
 B = Non-inter-level travel time spent in this place.
 C = Inter-level travel time spent in this place.
 D = Time resting spent in this place.
 E = Time spent auto-exploring this place.
 F = Levels seen in this place.
 G = Mean time per level.
                   A        B        C        D        E       F      G
               +--------+--------+--------+--------+--------+-----+--------+
         Total |  12287 |  11971 |    316 |   3266 |   6823 |  13 |  945.2 |
       Dungeon |  11347 |  11044 |    303 |   2937 |   6355 |  11 | 1031.5 |
        Temple |    279 |    266 |     13 |    157 |     96 |   1 |  279.0 |
         Sewer |    661 |    661 |      0 |    172 |    372 |   1 |  661.0 |
               +--------+--------+--------+--------+--------+-----+--------+

Top non-repeatable levels by time:
    D:10: 2251 daAuts
     D:2: 1237 daAuts
     D:1: 1129 daAuts
     D:6: 1071 daAuts
     D:9: 1009 daAuts
     D:8: 975 daAuts
     D:3: 840 daAuts
     D:4: 818 daAuts
     D:5: 736 daAuts
     D:7: 691 daAuts
   Sewer: 661 daAuts
    D:11: 587 daAuts
  Temple: 279 daAuts

Table legend:
 A = Non-vault XP
 B = Vault XP
 C = Vault XP percentage of total XP
 D = Non-vault monster count
 E = Vault monster count
 F = Vault count percentage of total count
                 A         B        C        D         E       F
            +---------+---------+-------+---------+---------+-------
      Total |   14311 |    6237 |  30.4 |     249 |      47 |  15.9
            +---------+---------+-------+---------+---------+-------
        D:1 |      48 |       0 |   0.0 |      28 |       0 |   0.0
        D:2 |     105 |       4 |   3.7 |      30 |       1 |   3.2
        D:3 |      62 |       0 |   0.0 |      24 |       0 |   0.0
        D:4 |     404 |      35 |   8.0 |      14 |       7 |  33.3
        D:5 |     323 |     295 |  47.7 |      14 |       1 |   6.7
        D:6 |    1126 |       0 |   0.0 |      29 |       0 |   0.0
        D:7 |     771 |      78 |   9.2 |      20 |      12 |  37.5
        D:8 |    1648 |       0 |   0.0 |      13 |       0 |   0.0
        D:9 |    1170 |       0 |   0.0 |      21 |       0 |   0.0
       D:10 |    6085 |    1310 |  17.7 |      46 |       6 |  11.5
       D:11 |    2524 |    4454 |  63.8 |       8 |       8 |  50.0
     Temple |      45 |       0 |   0.0 |       2 |       0 |   0.0
      Sewer |       0 |      61 | 100.0 |       0 |      12 | 100.0
            +---------+---------+-------+---------+---------+-------
